Map: Ley Lines

Players

wootwoot - Winner!

  • Race: Zerg Zerg
  • League: Silver
  • Spawn Location: 1:00

plaquenil

  • Race: Protoss Protoss
  • Spawn Location: 7:00

VOD

Have the link to the VOD?

Description

Time

  • Played on: April 1, 2025, 5:49 p.m.
  • Length: 2:43
Show
View Real Time Build Order
Export as new Build Order

wootwoot Zerg - Winner!

Build Orders: Pool Only 

Get SALT Encoding   

  12  0:18  Spawning Pool  
  12  0:21  Drone  
  12  0:26  Drone  
  13  0:30  Drone  
  14  0:40  Overlord  
  14  1:04  Zergling x4  
  14  1:05  Zergling x2  
  17  1:15  Zergling x2  
  18  1:26  Zergling x2  
  19  1:37  Zergling x2  
  20  1:48  Zergling x2  
  21  2:02  Zergling x2  
  22  2:22  Zergling x4  
Show
View Real Time Build Order
Export as new Build Order

plaquenil Protoss 

Build Orders:  

Get SALT Encoding   

  12  0:03  Probe  
  13  0:14  Pylon  
  13  0:19  Probe  
  14  0:31  Probe  
  14  0:32  Assimilator  
  15  0:42  Gateway  
  15  0:45  Probe  
  16  0:52  Assimilator  
  17  0:57  Probe  
  17  1:02  Pylon  
  17  1:08  Probe  
  18  1:16  Probe  
  18  1:24  Probe  
  19  1:26  Gateway  
  20  1:33  Probe  
  21  1:42  Probe  
  21  1:46  Zealot  
  24  1:50  Probe  
  25  1:57  Cybernetics Core  
  25  2:06  Probe  
Tags
 
League
Silver
Matchup
PvZ
Opening
Pool Only
Replay Pack
B2M-Replays
Spawn Locations
Cross Positions
Add a new tag
Caveats
  • Supply blocks, unpowered buildings, or Contaminate may cause inaccurate times.
  • Supply counts are checked every 10 seconds.